 Dungeon Crawl Stone Soup version 0.20-a0-277-g7db01f4 (webtiles) character file.

70 Ifrit the Chopper (level 4, 35/35 HPs)
             Began as a Demonspawn Fighter on Dec 12, 2016.
             Quit the game on level 2 of the Dungeon.
             The game lasted 00:02:05 (2182 turns).

Ifrit the Chopper (Demonspawn Fighter)              Turns: 2182, Time: 00:02:06

Health: 35/35      AC:  6    Str: 16    XL:     4   Next: 3%
Magic:  4/4        EV: 10    Int: 11    God:
Gold:   123        SH: 11    Dex: 12    Spells: 3/3 levels left

rFire  . . .     SeeInvis .     a - +0 war axe
rCold  . . .     Gourm    .     b - +0 scale mail
rNeg   . . .     Faith    .     c - +0 shield
rPois  .         Spirit   .     (no helmet)
rElec  .         Reflect  +     (no cloak)
rCorr  .         Harm     .     (no gloves)
MR     .....                    (no boots)
Stlth  ..........               h - +3 amulet of reflection
                                (no ring)
                                e - +4 ring of evasion

@: no status effects
A: powered by pain 1, rot immunity
a: no special abilities


You were on level 2 of the Dungeon.
You were not hungry.

You visited 1 branch of the dungeon, and saw 2 of its levels.

You collected 123 gold pieces.

Inventory:

Hand Weapons
 a - a +0 war axe (weapon)
Armour
 b - a +0 scale mail (worn)
 c - a +0 shield (worn)
Jewellery
 e - a +4 ring of evasion (left hand)
 h - a +3 amulet of reflection (around neck)
Scrolls
 i - 2 scrolls of remove curse {unknown}
 k - a scroll of amnesia {unknown}
 l - a scroll of fog {unknown}
 p - a scroll of identify {unknown}
 r - a scroll of noise {unknown}
Potions
 d - a potion of might
 g - 2 potions of invisibility {unknown}
 j - a potion of degeneration {unknown}
 m - a potion of curing {unknown}
 n - 2 potions of agility {unknown}
 o - a potion of heal wounds {unknown}
Books
 t - a book of Cantrips

   Spells                             Type                      Level
   a - Confusing Touch                Hexes                        1
   b - Animate Skeleton               Necromancy                   1
   c - Summon Small Mammal            Summoning                    1
   d - Apportation                    Translocation                1
Comestibles
 f - 2 bread rations
 s - a fruit


   Skills:
 - Level 3.2 Fighting
 + Level 3.5 Axes
 - Level 2.7 Armour
 - Level 0.1 Dodging
 - Level 2.9 Shields


You had 3 spell levels left.
You didn't know any spells.

Dungeon Overview and Level Annotations

Branches:
Dungeon (2/15)

Altars:
Dithmenos
Okawaru


Innate Abilities, Weirdness & Mutations

You sometimes gain a little power by taking damage.
You are immune to rotting.


Message History

You butcher the dart slug corpse.
q - 4 chunks of flesh (gained 2) Some of the chunks of flesh in your inventory have rotted away.
s - a fruit
t - a book of Cantrips You open the door.
There is an open door here.
There is a stone staircase leading up here.
You open the door.
There is an open door here.
All of the chunks of flesh in your inventory have rotted away.
A goblin and a dart slug come into view.
The goblin shouts!
You slash the dart slug!
You kill the dart slug!
You have reached level 4!
You feel clever.
Your demonic ancestry asserts itself...
You feel immune to rotting. The goblin hits you but does no damage.
Are you sure you want to abandon this character and quit the game? (Confirm with "yes".)

#### #.###.#.#
...#######(# #...#
##.#..(..).# #####
##.#(#####.#
##.#'#####+##
............######
............'....#
##..........####.#
#..........# #@#
##.######..## #g#
.........<.# #.#
##.#'#####.### #.#
##......##...# #.#
........###### #.#
........########..
##................
.....###.##########


You could see a goblin.

Vanquished Creatures
  An adder (D:2)
  A shadow imp (D:2)
  A worm (D:2)
  3 dart slugs
  2 leopard geckos
  5 bats
  4 giant cockroaches
  4 goblins
  4 hobgoblins (D:1)
  A quokka (D:2)
  2 frilled lizards
  7 kobolds
  9 rats
44 creatures vanquished.

Notes
Turn   | Place    | Note
-------+----------+-------------------------------------------
     0 | D:1      | Ifrit the Demonspawn Fighter began the quest for the Orb.
     0 | D:1      | Reached XP level 1. HP: 18/18 MP: 1/1
   164 | D:1      | Gained mutation: You sometimes gain a little power by taking damage. [demonic ancestry]
   164 | D:1      | Reached XP level 2. HP: 24/24 MP: 2/2
  1298 | D:2      | Reached XP level 3. HP: 21/29 MP: 3/3
  1530 | D:2      | Found a shadowy altar of Dithmenos.
  1576 | D:2      | Found an iron altar of Okawaru.
  2181 | D:2      | Gained mutation: You are immune to rotting. [demonic ancestry]
  2181 | D:2      | Reached XP level 4. HP: 35/35 MP: 4/4
  2182 | D:2      | Quit the game

Vault maps used:
D:1:      dpeg_arrival_rooms_with_view
D:2:      grunt_dithmenos_smoke, nicolae_overflow_crystal_walls

Skill      XL: |  1  2  3 |
---------------+----------+-----
Axes           | 2 3 |  3.5
Fighting       | |  3.2
Armour         | |  2.7
Dodging        | |  0.1
Shields        | |  2.9

Action                   |  1- 3 |  4- 6 || total
-------------------------+-------+-------++-------
Melee: War axe           |   164 |       ||   164
  Eat: Chunk             |     4 |       ||     4
Armor: Scale mail        |    57 |     1 ||    58
Dodge: Dodged            |    46 |       ||    46
Block: Shield            |   102 |       ||   102
       Reflection        |     2 |       ||     2
